 Dungeon Crawl Stone Soup version 0.28-a0-773-g130ae17fe5 (webtiles) character file.

Game seed: 4242066508900922012

11 willcat the Sneak (level 2, -3/26 HPs)
             Began as a Hill Orc Delver on Nov 1, 2021.
             Asphyxiated
             ... on level 5 of the Dungeon.
             The game lasted 00:00:53 (495 turns).

willcat the Sneak (Hill Orc Delver)                  Turns: 495, Time: 00:00:54

Health: -3/26      AC:  4    Str: 14    XL:     2   Next: 29%
Magic:  2/2        EV: 11    Int: 10    God:
Gold:   18         SH:  0    Dex: 12    Spells: 1/1 levels left

rFire   . . .      SeeInvis .   a - +0 spear
rCold   . . .      Faith    .   (no shield)
rNeg    . . .      Spirit   .   b - +0 leather armour
rPois   .          Reflect  .   h - +0 helmet
rElec   .          Harm     .   (no cloak)
rCorr   .          Rampage  .   (no gloves)
Will    .....                   (no boots)
Stlth   ++........              (no amulet)
HPRegen 0.08/turn               (no ring)
MPRegen 0.08/turn               (no ring)

@: lethally poisoned (-3 -> -19), hasted, very quick
A: no striking features
a: no special abilities


You were on level 5 of the Dungeon.
You visited 1 branch of the dungeon, and saw 1 of its levels.

You collected 18 gold pieces.

Inventory:

Hand Weapons
 a - a +0 spear (weapon)
Missiles
 j - 28 poisoned darts (quivered)
Armour
 b - a +0 leather armour (worn)
 h - a +0 helmet (worn)
Wands
 g - a wand of digging (3)
 i - a wand of flame (26)
Scrolls
 c - a scroll of fog
 d - a scroll of magic mapping
 e - a scroll of fear


   Skills:
 - Level 3.6 Fighting
 + Level 2.5 Polearms
 + Level 1.9 Dodging
 + Level 4.2 Stealth


You had one spell level left.
You didn't know any spells.
Your spell library was empty.

Dungeon Overview and Level Annotations

Branches:
Dungeon (5/15)
 Temple: D:4-7

Altars:

Annotations:
D:5 Eustachio


Message History

A kobold comes into view. It is wielding a +0 dagger.
The kobold shouts! x3
A kobold brigand comes into view.
It is wielding a +0 whip and quivering curare-tipped darts.
A kobold comes into view. It is wielding a +0 club.
The kobold brigand shouts!
You hear an angry hiss.
You barely miss the kobold. The kobold hits you but does no damage.
You barely miss the kobold.
The kobold hits you with a +0 short sword.
You barely miss the kobold.
An orc comes into view. It is wielding a +0 dagger.
The kobold hits you with a +0 short sword.
You closely miss the kobold.
The kobold hits you with a +0 short sword.
You barely miss the kobold.
The kobold hits you with a +0 short sword.
You miss the kobold. The kobold hits you but does no damage.
You hit the kobold.
The kobold is severely wounded.
The kobold hits you but does no damage.
You hit the kobold.
You kill the kobold!
You hit the kobold.
You kill the kobold!
You hit the kobold brigand but do no damage.
The kobold brigand hits you but does no damage.
You barely miss the kobold brigand.
The kobold brigand hits you with a +0 whip.
You feel yourself speed up. The kobold brigand barely misses you.
You closely miss the kobold brigand. The kobold brigand closely misses you.
You hit the kobold brigand.
The kobold brigand is lightly wounded.
You closely miss the kobold brigand.
The kobold brigand is lightly wounded.
The kobold brigand hits you with a +0 whip!
* * * LOW HITPOINT WARNING * * *
The kobold brigand throws a curare-tipped dart.
The curare-tipped dart hits you.
You are lethally poisoned!
You have difficulty breathing.
You die...

#.###...###
# #.# #...#
# #.# ##.##
#.# #.# #.#
#.# #.# #.#
#.####.#
#......#
##@######
#..# #..#
#..# #
#.K###.#
#.##.K...#.#
#........$#
#..##K##..#
#.. #)# ...#


You could see a kobold brigand and 2 kobolds.

Vanquished Creatures
  An adder (D:5)
  2 kobolds (D:5)
3 creatures vanquished.

Notes
Turn   | Place    | Note
-------+----------+-------------------------------------------
     0 | D:5      | willcat the Hill Orc Delver began the quest for the Orb.
     0 | D:5      | Reached XP level 1. HP: 19/19 MP: 1/1
    95 | D:5      | Noticed an ogre
   165 | D:5      | Reached XP level 2. HP: 26/26 MP: 2/2
   196 | D:5      | Noticed Eustachio
   197 | D:5      | Noticed a scorpion
   472 | D:5      | Noticed a kobold brigand
   495 | D:5      | Asphyxiated

Illustrated notes

Levels and vault maps discovered:
D:5:      layout_loops_ring, nicolae_qazlal_scattered_showers,
          lemuel_doored_altar, chequers_temple_overflow_minitemple,
          chequers_serial_rivers_micro_d, uniq_eustachio, uniq_duvessa

Action                   || total
-------------------------++-------
Melee: Spear             ||    19
  Use: Potion            ||     2
 Stab: Sleeping          ||     1
       Invisible         ||     1
Armor: Leather armour    ||     5
Dodge: Dodged            ||     8

Table legend: (Time is in decaauts)
 A = Elapsed time spent in this place.
 B = Non-inter-level travel time spent in this place.
 C = Inter-level travel time spent in this place.
 D = Time resting spent in this place.
 E = Time spent auto-exploring this place.
 F = Levels seen in this place.
 G = Mean time per level.
                   A        B        C        D        E       F      G
               +--------+--------+--------+--------+--------+-----+--------+
         Total |    491 |    491 |      0 |    156 |    205 |   1 |  491.0 |
       Dungeon |    491 |    491 |      0 |    156 |    205 |   1 |  491.0 |
               +--------+--------+--------+--------+--------+-----+--------+

Top non-repeatable levels by time:
     D:5: 491 daAuts
